 Dungeon Crawl Stone Soup version 0.21.1-1-g345015f (webtiles) character file.

95 diana the Shield-Bearer (level 4, -3/40 HPs)
             Began as a Minotaur Fighter on June 5, 2018.
             Was an Initiate of Makhleb.
             Slain by Unprinted's ghost (8 damage)
             ... while paralysed by an orc
             ... on level 3 of the Dungeon.
             The game lasted 00:01:53 (1988 turns).

diana the Shield-Bearer (Minotaur Fighter)          Turns: 1988, Time: 00:01:54

Health: -3/40      AC:  7    Str: 21    XL:     4   Next: 40%
Magic:  3/3        EV:  2    Int:  5    God:    Makhleb [......]
Gold:   56         SH:  0    Dex: 10    Spells: 3/3 levels left

rFire    . . .     SeeInvis .   a - +0 war axe
rCold    . . .     Gourm    .   c - +0 shield
rNeg     . . .     Faith    .   b - +0 scale mail
rPois    .         Spirit   .   (helmet restricted)
rElec    .         Reflect  .   (no cloak)
rCorr    .         Harm     .   (no gloves)
MR       .....                  (no boots)
Stlth    ..........             (no amulet)
HPRegen  0.13/turn              (no ring)
MPRegen  0.08/turn              (no ring)

@: paralysed
A: retaliatory headbutt, horns 2
a: Renounce Religion


You were on level 3 of the Dungeon.
You worshipped Makhleb.
Makhleb was noncommittal.
You were not hungry.

You visited 1 branch of the dungeon, and saw 3 of its levels.

You collected 56 gold pieces.

Inventory:

Hand Weapons
 a - a +0 war axe (weapon)
Armour
 b - a +0 scale mail (worn)
 c - a +0 shield (worn)
Jewellery
 e - an uncursed amulet of harm {unknown}
 i - an uncursed ring of poison resistance {unknown}
 j - a cursed -3 ring of protection {unknown}
Scrolls
 g - a scroll of identify {unknown}
 h - a scroll of fog {unknown}
 k - a scroll of remove curse {unknown}
 l - a scroll of immolation {unknown}
Potions
 d - a potion of might
 n - a potion of magic {unknown}
 o - a potion of curing {unknown}
 p - a potion of flight {unknown}
Comestibles
 f - 2 rations


   Skills:
 + Level 4.3 Fighting
 * Level 4.1 Axes
 + Level 4.2 Armour
 + Level 4.3 Shields


You had 3 spell levels left.
You didn't know any spells.

Dungeon Overview and Level Annotations

Branches:
Dungeon (3/15)

Altars:
Dithmenos
Fedhas
Makhleb

Annotations:
D:3 Unprinted's ghost, amateur GrMo


Innate Abilities, Weirdness & Mutations

You reflexively headbutt those who attack you in melee.
You have a pair of horns on your head.


Message History

Your shield and scale mail prevent you from hitting Unprinted's ghost.
Your headbutt misses Unprinted's ghost. You barely miss the orc.
The orc hits you but does no damage. You block Unprinted's ghost's attack.
The orc hits you but does no damage.
You hit Unprinted's ghost.
Unprinted's ghost is lightly damaged.
You hit the orc.
Unprinted's ghost hits you but does no damage.
The orc zaps a wand.
You suddenly lose the ability to move!
It is a wand of paralysis (16).
Unprinted's ghost hits you.
* * * LOW HITPOINT WARNING * * *
All of the chunks of flesh in your inventory have rotted away.
The orc hits you but does no damage.
Unprinted's ghost hits you but does no damage.
The orc hits you but does no damage. Unprinted's ghost hits you.
* * * LOW HITPOINT WARNING * * *
The orc hits you.
* * * LOW HITPOINT WARNING * * *
Unprinted's ghost hits you!
You die...

#.......# #
.#.#......#.......######
..........#........#....
#.#..#...#........#.#..
. ........#(.........#..
.. .......#.......###...
...##.....#...^...# #..#
......)o..#####.........
...?..W@..### #.#####..#
...###......###. #...
#............... ##.#
.....##.##.#### #.#
.........#.###########.#
..##.###.#..............
. # #.#......######..
##.###.#........# #..
.........##..#.### #..


You could see Unprinted's ghost and an orc.

Vanquished Creatures
  4 adders
  A worm (D:2)
  2 dart slugs (D:1)
  3 leopard geckos
  A ball python (D:2)
  2 bats (D:2)
  3 giant cockroaches
  5 goblins
  8 hobgoblins
  2 jackals (D:3)
  7 kobolds
  6 frilled lizards
  4 rats
48 creatures vanquished.

Notes
Turn   | Place    | Note
-------+----------+-------------------------------------------
     0 | D:1      | diana the Minotaur Fighter began the quest for the Orb.
     0 | D:1      | Reached XP level 1. HP: 19/19 MP: 0/0
    66 | D:1      | Reached XP level 2. HP: 18/27 MP: 1/1
   612 | D:2      | Reached XP level 3. HP: 31/33 MP: 2/2
   633 | D:2      | Found a shadowy altar of Dithmenos.
   648 | D:2      | Found a burning altar of Makhleb.
   817 | D:2      | Found a blossoming altar of Fedhas.
   931 | D:2      | Became a worshipper of Makhleb the Destroyer
  1386 | D:2      | Reached XP level 4. HP: 37/40 MP: 3/3
  1977 | D:3      | Noticed Unprinted's ghost (amateur GrMo)
  1985 | D:3      | Paralysed by an orc for 6 turns
  1988 | D:3      | Slain by Unprinted's ghost

Skill      XL: |  1  2  3  4 |
---------------+-------------+-----
Axes           | 3 4 |  4.1
Fighting       | 4 |  4.3
Armour         | 4 |  4.2
Shields        | 4 |  4.3

Action                   |  1- 3 |  4- 6 || total
-------------------------+-------+-------++-------
Melee: War axe           |    90 |    33 ||   123
       Headbutt          |     8 |     3 ||    11
  Eat: Chunk             |       |     4 ||     4
Armor: Scale mail        |    41 |    17 ||    58
Dodge: Dodged            |    20 |     9 ||    29
Block: Shield            |    49 |    15 ||    64
